 Dungeon Crawl Stone Soup version 0.22-a0-367-gb72a975 (webtiles) character file.

42767 khargal the Blocker (level 14, -3/135 HPs)
             Began as a Gargoyle Fighter on Apr 22, 2018.
             Was a High Priest of the Shining One.
             Slain by a tyrant leech (10 damage)
             ... on level 6 of the Lair of Beasts.
             The game lasted 00:36:54 (16446 turns).

khargal the Blocker (Gargoyle Fighter)             Turns: 16446, Time: 00:36:55

Health: -3/135     AC: 33    Str: 25    XL:     14   Next: 21%
Magic:  21/21      EV:  2    Int: 10    God:    the Shining One [*****.]
Gold:   1267       SH: 16    Dex: 10    Spells: 13/13 levels left

rFire    . . .     SeeInvis .   s - +4 flail (crush)
rCold    . . .     Gourm    .   v - +3 shield
rNeg     + + +     Faith    .   (armour currently unavailable)
rPois    ∞         Spirit   .   (helmet currently unavailable)
rElec    .         Reflect  .   (cloak currently unavailable)
rCorr    .         Harm     .   (gloves currently unavailable)
MR       +....     NoTele   +   (boots currently unavailable)
Stlth    +.........             E - amulet of regeneration
HPRegen  0.72/turn              a - +6 ring of protection
MPRegen  0.17/turn              e - +2 ring of strength

@: tree-form, glowing
A: negative energy resistance 1, petrification resistance, rot immunity, AC +10
a: Divine Shield, Cleansing Flame, Summon Divine Warrior, Renounce Religion


You were on level 6 of the Lair of Beasts.
You worshipped the Shining One.
The Shining One was extremely pleased with you.
You were hungry.
You were a tree.
You visited 3 branches of the dungeon, and saw 17 of its levels.
You also visited: Ossuary.

You collected 1267 gold pieces.

Inventory:

Hand Weapons
 q - a +1 dire flail of protection
 s - a +4 flail of crushing (weapon)
 F - a +0 flail of venom
Missiles
 g - 3 throwing nets (quivered)
Armour
 b - a +1 helmet (melded)
 u - a +0 cloak (melded)
 v - a +3 shield (worn)
 w - a +0 plate armour
 K - a +0 pair of gloves (melded)
 R - a +3 plate armour (melded)
Jewellery
 a - a +6 ring of protection (left branch)
 c - a +5 ring of intelligence
 e - a +2 ring of strength (right branch)
 i - an uncursed ring of protection from cold
 y - an uncursed ring of wizardry
 C - an uncursed ring of resist corrosion
 E - an amulet of regeneration (around neck)
 N - an uncursed amulet of rage
Wands
 j - a wand of paralysis (15)
 x - a wand of flame (32)
 B - a wand of iceblast (4)
 H - a wand of polymorph (23)
 I - a wand of disintegration (9)
Scrolls
 k - a scroll of enchant weapon
 m - 7 scrolls of teleportation
 n - 6 scrolls of fog
 p - 17 scrolls of remove curse
 t - 4 scrolls of blinking
 G - 2 scrolls of magic mapping
 L - a scroll of fear
 P - a scroll of noise
Potions
 d - 6 potions of might
 o - a potion of lignification
 z - a potion of cancellation
 A - 5 potions of flight
 D - a potion of haste
 Q - a potion of magic {unknown}
Miscellaneous
 l - a lightning rod (4/4)
 M - a lamp of fire
 O - a box of beasts
Comestibles
 f - 34 rations


   Skills:
 + Level 11.5 Fighting
 + Level 13.8 Maces & Flails
 + Level 9.3 Armour
 + Level 14.0 Shields
 * Level 9.6 Invocations


You had 13 spell levels left.
You didn't know any spells.

Dungeon Overview and Level Annotations

Branches:
Dungeon (10/15)            Temple (1/1) D:6            Lair (6/6) D:10
  Swamp (0/4) Lair:4        Snake (0/4) Lair:3        Slime (0/5) Lair:5
    Orc: D:9-12

Altars:
Ashenzari
Cheibriados
Dithmenos
Elyvilon
Fedhas
Gozag
Hepliaklqana
Kikubaaqudgha
Makhleb
Nemelex Xobeh
Okawaru
Qazlal
Ru
Trog
Uskayaw
Vehumet
Wu Jian
Yredelemnul
Zin
The Shining One
Jiyva

Shops:
D:6 =

Annotations:
Lair:1 exclusion: 4 oklob plants
Lair:6 1 runed door


Innate Abilities, Weirdness & Mutations

You are resistant to torment.
((Your stone body is resilient. (AC +10)))
You are immune to poison.
((Your large and strong wings let you fly indefinitely.))
You resist negative energy. (rN+)
((You are resistant to electric shocks. (rElec)))
((You can survive without breathing.))
You are immune to petrification.
You are immune to rotting.


Message History

You hit the tyrant leech.
The tyrant leech is moderately wounded.
The tyrant leech barely misses you.
You thump the tyrant leech!
The tyrant leech is heavily wounded.
The tyrant leech bites you but does no damage.
You block the tyrant leech's attack.
Okay, then.
You cannot teleport because you are held in place by your roots.
You are too injured to fight recklessly!
You sock the tyrant leech!
The tyrant leech is severely wounded.
The tyrant leech bites you but does no damage.
You barely miss the tyrant leech.
The tyrant leech is severely wounded.
You block the tyrant leech's attack. x2
You sock the tyrant leech!
The tyrant leech is almost dead.
You block the tyrant leech's attack. The tyrant leech bites you!
You die...

## ##### ## #.##.P.###
####...
###.......######.......
##....###.....##..?.P#
#....## ##.....#♣w#
8..### ###..yww##
#P..## ###..yy# +#...##
#.#..†...# ##...#
##.#.......# ##..##
####.P...... ##..##
...####.. #...# ..#.# .
#####..# .#.##


You could see 3 tyrant leeches and 3 hornets.

Vanquished Creatures
  Rupert (Lair:4)
  6 hydras
  3 two-headed ogres
  A fire crab (Lair:4)
  2 lindwurms (Lair:6)
  A necromancer (Lair:2)
  A wolf spider (Lair:6)
  10 elephants
  5 black mambas
  A guardian serpent (Lair:6)
  2 torpor snails (Lair:6)
  13 spiny frogs
  2 rime drakes
  3 komodo dragons
  4 hornets (Lair:6)
  Prince Ribbit (D:9)
  7 hippogriffs
  16 blink frogs
  A spriggan (D:7)
  4 redbacks (Lair:6)
  Sigmund (D:4)
  A wraith (D:8)
  8 wyverns
  29 yaks
  Grum (D:8)
  Edmund (D:5)
  17 water moccasins
  7 porcupines
  4 orc warriors
  5 black bears
  2 phantoms (D:6)
  A sky beast (D:5)
  A hornet zombie (D:7)
  3 ogres
  A centaur (D:7)
  22 wolves
  4 crocodiles
  2 big kobolds (D:7)
  9 bullfrogs
  3 gnoll sergeants
  5 scorpions
  A water moccasin skeleton (D:7)
  7 wights
  A howler monkey (D:5)
  An electric eel (D:9)
  4 crimson imps
  A bullfrog zombie (D:5)
  A centaur zombie (D:5)
  7 hounds
  4 jellies
  7 orc priests
  Crazy Yiuf (D:5)
  3 bullfrog skeletons
  An iguana (D:5)
  Ijyb (D:3)
  6 orc wizards
  8 hell rats (Lair:6)
  7 worker ants
  6 polar bear simulacra (Lair:2)
  A wolf simulacrum (Lair:2)
  A big kobold zombie (Ossuary)
  2 hound zombies
  8 mummies (Ossuary)
  A howler monkey zombie (D:6)
  A worker ant zombie (D:7)
  6 gnolls
  7 adders
  2 shadow imps
  2 oozes
  An adder zombie (D:6)
  3 adder skeletons
  A dart slug (D:2)
  8 leopard geckos
  33 orcs
  A ball python (D:2)
  9 bats
  8 giant cockroaches
  11 goblins
  5 hobgoblins
  4 jackals (D:3)
  13 kobolds
  11 frilled lizards
  A gnoll zombie (Ossuary)
  A hobgoblin zombie (Ossuary)
  A jackal skeleton (D:6)
  A jackal zombie (D:5)
  4 kobold zombies (Ossuary)
  An orc zombie (Ossuary)
  6 rats
  4 river rat simulacra (Lair:2)
  11 plants
447 creatures vanquished.

Vanquished Creatures (others)
  A komodo dragon (Lair:5)
  21 fungi
  17 plants
39 creatures vanquished.

Grand Total: 486 creatures vanquished

Notes
Turn   | Place    | Note
-------+----------+-------------------------------------------
     0 | D:1      | khargal the Gargoyle Fighter began the quest for the Orb.
     0 | D:1      | Reached XP level 1. HP: 14/14 MP: 1/1
    96 | D:1      | Reached XP level 2. HP: 17/19 MP: 2/2
   455 | D:1      | Reached XP level 3. HP: 24/24 MP: 3/3
   456 | D:1      | Reached skill level 7 in Shields
   456 | D:1      | Reached XP level 4. HP: 35/35 MP: 4/4
  1092 | D:2      | Found a stormy altar of Qazlal.
  1576 | D:3      | Reached XP level 5. HP: 32/39 MP: 5/5
  1835 | D:3      | Found a shadowy altar of Dithmenos.
  2104 | D:3      | Reached XP level 6. HP: 29/44 MP: 6/6
  2647 | D:3      | Noticed Ijyb
  2657 | D:3      | Killed Ijyb
  2657 | D:3      | Reached skill level 8 in Shields
  3112 | D:4      | Reached XP level 7. HP: 39/48 MP: 7/7
  3618 | D:4      | Noticed Sigmund
  3639 | D:4      | Killed Sigmund
  3832 | D:5      | Entered Level 5 of the Dungeon
  3843 | D:5      | Reached XP level 8. HP: 53/54 MP: 8/8
  4550 | D:5      | Found a shattered altar of Ashenzari.
  4810 | D:5      | Found a runed door.
  4936 | D:5      | Noticed Crazy Yiuf
  4944 | D:5      | Killed Crazy Yiuf
  4995 | D:6      | Noticed Edmund
  5012 | D:5      | Killed Edmund
  5045 | D:5      | Reached skill level 5 in Armour
  5045 | D:5      | Reached skill level 9 in Shields
  5312 | D:6      | Reached XP level 9. HP: 55/60 MP: 9/9
  5406 | D:6      | Found Bumn's Jewellery Shop.
  5695 | D:6      | Found a staircase to the Ecumenical Temple.
  5770 | D:6      | Found a blossoming altar of Fedhas.
  5964 | D:6      | Found a sparkling altar of Nemelex Xobeh.
  6236 | Temple   | Entered the Ecumenical Temple
  6257 | Temple   | Became a worshipper of the Shining One
  6501 | D:7      | Found an ornate altar of the Wu Jian Council.
  6746 | D:7      | Reached * piety under the Shining One
  6771 | D:7      | Reached skill level 1 in Invocations
  6803 | D:7      | Reached XP level 10. HP: 65/65 MP: 10/10
  6864 | D:7      | Reached skill level 10 in Shields
  6894 | D:7      | Found a sand-covered staircase.
  6918 | Ossuary  | Entered an ossuary
  6944 | Ossuary  | Reached ** piety under the Shining One
  7258 | D:8      | Noticed a two-headed ogre
  7667 | D:8      | Noticed Grum
  7687 | D:8      | Killed Grum
  7687 | D:8      | Reached skill level 10 in Maces & Flails
  7751 | D:8      | Killed a two-headed ogre
  7847 | D:8      | Reached *** piety under the Shining One
  8033 | D:8      | Found a glowing silver altar of Zin.
  8263 | D:9      | Noticed Prince Ribbit
  8267 | D:9      | Killed Prince Ribbit
  8355 | D:9      | Found a bloodstained altar of Trog.
  8425 | D:9      | Noticed a two-headed ogre
  8430 | D:9      | Killed a two-headed ogre
  8430 | D:9      | Reached XP level 11. HP: 39/71 MP: 13/13
  9244 | D:10     | Entered Level 10 of the Dungeon
  9347 | D:10     | Found a staircase to the Lair.
  9383 | D:10     | Noticed a two-headed ogre
  9393 | D:10     | Killed a two-headed ogre
  9908 | Lair:1   | Entered Level 1 of the Lair of Beasts
 10084 | Lair:1   | Reached skill level 5 in Invocations
 10146 | Lair:1   | Reached skill level 11 in Shields
 10312 | Lair:1   | You fall through a shaft!
 10397 | Lair:1   | Noticed an oklob plant
 10397 | Lair:1   | Noticed an oklob plant
 10397 | Lair:1   | Noticed an oklob plant
 10397 | Lair:1   | Noticed an oklob plant
 10397 | Lair:1   | Noticed a seven-headed hydra
 10397 | Lair:1   | Reached **** piety under the Shining One
 10417 | Lair:1   | Killed a seven-headed hydra
 10990 | Lair:1   | Reached XP level 12. HP: 73/77 MP: 16/16
 11381 | Lair:2   | Reached skill level 10 in Fighting
 11411 | Lair:2   | Noticed a seven-headed hydra
 11420 | Lair:2   | Killed a seven-headed hydra
 12360 | Lair:3   | Reached skill level 12 in Shields
 12486 | Lair:3   | Found a staircase to the Snake Pit.
 13093 | Lair:4   | Got a warped falchion
 13101 | Lair:4   | Identified the +9 falchion "Giafoegh" {slice, rF+} (You found it on level 4 of the Lair of Beasts)
 13117 | Lair:4   | Noticed an eight-headed hydra
 13128 | Lair:4   | Killed an eight-headed hydra
 13205 | Lair:4   | Found a staircase to the Swamp.
 13233 | Lair:4   | Reached XP level 13. HP: 48/83 MP: 18/18
 13496 | Lair:4   | Noticed Rupert
 13508 | Lair:4   | Paralysed by Rupert for 3 turns
 13540 | Lair:4   | Killed Rupert
 14123 | Lair:5   | Found a viscous altar of Jiyva.
 14123 | Lair:5   | Found a staircase to the Slime Pits.
 14845 | Lair:6   | Entered Level 6 of the Lair of Beasts
 14982 | Lair:5   | Reached skill level 13 in Shields
 15577 | Lair:6   | Reached ***** piety under the Shining One
 15682 | Lair:6   | Gained mutation: Your large and strong wings let you fly indefinitely. [Gargoyle growth]
 15682 | Lair:6   | Reached XP level 14. HP: 49/90 MP: 20/20
 16382 | Lair:6   | Found a runed door.
 16403 | Lair:6   | Reached skill level 14 in Shields
 16433 | Lair:6   | HP: 3/135 [tyrant leech (14)]
 16434 | Lair:6   | HP: 1/135 [tyrant leech (7)]
 16440 | Lair:6   | HP: 4/135 [tyrant leech (2)]
 16446 | Lair:6   | Slain by a tyrant leech

Vault maps used:
D:1:      nzn_arrival_depleted_hourglass
D:2:      grunt_qazlal_clouds
D:3:      lemuel_crystal_altar, uniq_ijyb
D:4:      first_ration, uniq_sigmund
D:5:      cheibrodos_ashenzari_chains, uniq_crazy_yiuf_cottage
D:6:      lemuel_round_altar, lemuel_coloured_pillars_altar, temple_hall,
          serial_shops, shop, wad_floor_pattern_1, sword_in_stone, uniq_edmund
D:7:      old_standard_altar, enter_ossuary_1, the_bakery,
          kennysheep_generic_room_6
D:8:      marbit_many_paths, uniq_grum
D:9:      trog_ov_bears_minmay, minivault_14, uniq_prince_ribbit1
D:10:     lair_entry_dummy
Temple:   eino_temple_lava
Lair:1:   grunt_megastairs_2, minmay_lair_oklob_chamber, lemuel_fruit_tree
Lair:2:   cheibrodos_lair_river_kwai, columned_hall_lemuel,
          eino_house_with_fridge
Lair:3:   dummy_snake_entry, infiniplex_staircase_pool
Lair:4:   swamp_mist, minivault_19, wad_woods_road_06, uniq_rupert
Lair:5:   dpeg_slime_entry_enclosed_altar
Lair:6:   wormcave, hangedman_lair_tendril_chambers, fungi_pond_lemuel
Ossuary:  ossuary_tomb_3

Skill      XL: |  1  2  3  4  5  6  7  8  9 10 11 12 13 14 |
---------------+-------------------------------------------+-----
Fighting       | 7 8 9 10 11 | 11.5
Maces & Flails | 6 7 8 9 10 11 12 13 | 13.8
Shields        | 7 8 9 10 11 12 13 14 | 14.0
Armour         | 4 5 6 7 8 9 |  9.3
Invocations    | 1 3 5 7 9 |  9.6

Action                   |  1- 3 |  4- 6 |  7- 9 | 10-12 | 13-15 || total
-------------------------+-------+-------+-------+-------+-------++-------
Melee: Flail             |    61 |   235 |   399 |   635 |   584 ||  1914
Invok: Divine Shield     |       |       |       |     1 |       ||     1
       Cleansing Flame   |       |       |       |     1 |       ||     1
Evoke: Wand              |       |       |       |     6 |     1 ||     7
       Box of beasts     |       |       |       |       |     1 ||     1
  Use: Potion            |     1 |     1 |     6 |     3 |    11 ||    22
       Scroll            |       |     6 |     4 |    12 |     6 ||    28
  Eat: Chunk             |       |     7 |    13 |    14 |     7 ||    41
       Ration            |       |       |       |     3 |       ||     3
Armor: Scale mail        |    31 |    59 |       |       |       ||    90
       Chain mail        |       |    46 |    95 |       |       ||   141
       Plate armour      |       |       |    85 |   394 |   334 ||   813
       Skin              |       |       |       |       |    65 ||    65
Dodge: Dodged            |    13 |    63 |    76 |   111 |   145 ||   408
Block: Shield            |    33 |   156 |   254 |   496 |   541 ||  1480

Table legend:
 A = Spawn XP
 B = Non-spawn XP
 C = Spawn XP percentage of total XP
 D = Spawn monster count
 E = Non-spawn monster count
 F = Spawn count percentage of total count
 G = Total turns spent on level
                    A         B        C        D         E        F      G
               +---------+---------+-------+---------+---------+-------+---------
         Total |       0 |   61049 |   0.0 |       0 |     436 |   0.0 | 16446
               +---------+---------+-------+---------+---------+-------+---------
           D:1 |       0 |      48 |   0.0 |       0 |      29 |   0.0 |   823
           D:2 |       0 |      83 |   0.0 |       0 |      21 |   0.0 |   801
           D:3 |       0 |     244 |   0.0 |       0 |      28 |   0.0 |  1181
           D:4 |       0 |     744 |   0.0 |       0 |      17 |   0.0 |  1027
           D:5 |       0 |    1267 |   0.0 |       0 |      36 |   0.0 |  1541
           D:6 |       0 |     709 |   0.0 |       0 |      15 |   0.0 |   962
           D:7 |       0 |    2095 |   0.0 |       0 |      38 |   0.0 |   937
           D:8 |       0 |    2558 |   0.0 |       0 |      31 |   0.0 |   656
           D:9 |       0 |    2032 |   0.0 |       0 |       9 |   0.0 |  1062
          D:10 |       0 |    2107 |   0.0 |       0 |      15 |   0.0 |   743
        Lair:1 |       0 |    6214 |   0.0 |       0 |      25 |   0.0 |  1213
        Lair:2 |       0 |    4165 |   0.0 |       0 |      24 |   0.0 |   936
        Lair:3 |       0 |    7289 |   0.0 |       0 |      36 |   0.0 |   937
        Lair:4 |       0 |    5719 |   0.0 |       0 |       7 |   0.0 |   992
        Lair:5 |       0 |    5779 |   0.0 |       0 |      19 |   0.0 |   903
        Lair:6 |       0 |   19825 |   0.0 |       0 |      70 |   0.0 |  1478
       Ossuary |       0 |     171 |   0.0 |       0 |      16 |   0.0 |   219
               +---------+---------+-------+---------+---------+-------+---------
